 Dungeon Crawl Stone Soup version 0.18-b1-22-ge198996 (webtiles) character file.

12604 EvilYahweh the Inventor (level 11, -8/93 HPs)
             Began as a Deep Dwarf Artificer on May 3, 2016.
             Was a Priest of Pakellas.
             Mangled by a catoblepas (11 damage)
             ... on level 2 of the Lair of Beasts.
             The game lasted 01:12:46 (9906 turns).

EvilYahweh the Inventor (Deep Dwarf Artificer)      Turns: 9906, Time: 01:12:47

Health: -8/93      AC: 20    Str: 14    XL:     11   Next: 64%
Magic:  2/16       EV:  4    Int: 14    God:    Pakellas [***...]
Gold:   410        SH: 16    Dex: 21    Spells: 0 memorised, 10 levels left

rFire  . . .     SeeInvis .     k - +0 hand axe
rCold  + . .     Gourm    .     i - +1 plate armour {MR+}
rNeg   . . .     Faith    .     B - +6 shield of the Guild-Master {-Tele rElec rCorr Dex+5}
rPois  .         Spirit   .     (no helmet)
rElec  +         Dismiss  .     w - +0 cloak
rCorr  +         Reflect  .     r - +2 pair of gloves
SustAt .         Harm     .     (no boots)
MR     ++...     NoTele   +     (no amulet)
Stlth  ..........               s - ring of resist corrosion
                                T - ring of protection from cold

@: non-regenerating, very resistant to hostile enchantments, extremely
unstealthy
A: damage resistance, recharge devices, sense surroundings 2, slow regeneration
3
a: Device Recharging, Quick Charge, Device Surge, Renounce Religion


You were on level 2 of the Lair of Beasts.
You worshipped Pakellas.
Pakellas was most pleased with you.
You were not hungry.

You visited 3 branches of the dungeon, and saw 12 of its levels.
You also visited: Sewer.

You collected 536 gold pieces.
You spent 126 gold pieces at shops.

Inventory:

Hand Weapons
 k - a +0 hand axe (weapon)
Armour
 i - a +1 plate armour of magic resistance (worn)
 r - a +2 pair of gloves (worn)
 w - a +0 cloak (worn)
 B - the +6 shield of the Guild-Master (worn) {-Tele rElec rCorr Dex+5}
   (You found it on level 4 of the Dungeon)

   It affects your dexterity (+5).
   It insulates you from electricity.
   It prevents most forms of teleportation.
   It protects you from acid and corrosion.
 S - a +0 pair of boots
Jewellery
 s - a ring of resist corrosion (right hand)
 A - an uncursed ring of wizardry
 L - an uncursed ring of wizardry
 T - a ring of protection from cold (left hand)
Wands
 c - a wand of flame (0/48)
 d - a wand of enslavement (9/24)
 e - a wand of random effects (15/48)
 f - a wand of heal wounds (4/9)
 m - a wand of slowing (15/48)
 n - a wand of acid (0/15)
 u - a wand of confusion (4/48)
 H - a wand of polymorph (9/24)
 J - a wand of iceblast (0/15)
 K - a wand of disintegration (0/24)
 M - a wand of paralysis (7/24)
 O - a wand of lightning (0/15)
Scrolls
 a - 6 scrolls of teleportation
 v - a scroll of fear
 x - 4 scrolls of enchant weapon
 y - 8 scrolls of remove curse
 D - a scroll of recharging {unknown}
 E - a scroll of amnesia {unknown}
 F - 3 scrolls of immolation
 G - a scroll of brand weapon {unknown}
 P - 2 scrolls of silence {unknown}
 Q - 4 scrolls of magic mapping
 R - a scroll of vulnerability {unknown}
 W - a scroll of torment {unknown}
 Y - a scroll of acquirement {unknown}
Potions
 b - a potion of flight
 l - a potion of haste
 p - 2 potions of resistance
 q - 5 potions of curing
 z - 2 potions of might
 I - a potion of lignification
 U - a potion of invisibility {unknown}
Books
 o - a book of Cantrips

   Spells                             Type                      Level
   a - Corona                         Hexes                        1
   b - Animate Skeleton               Necromancy                   1
   c - Summon Small Mammal            Summoning                    1
   d - Apportation                    Translocation                1
 N - a Necronomicon

   Spells                             Type                      Level
   a - Haunt                          Necromancy/Summoning         7
   b - Borgnjor's Revivification      Necromancy                   8
   c - Death's Door                   Charms/Necromancy            8
   d - Necromutation                  Transmutation/Necromancy     8
 V - a book of Summonings

   Spells                             Type                      Level
   a - Recall                         Summoning/Translocation      3
   b - Aura of Abjuration             Summoning                    5
   c - Summon Demon                   Summoning                    5
   d - Summon Forest                  Summoning/Translocation      5
   e - Summon Mana Viper              Hexes/Summoning              5
   f - Shadow Creatures               Summoning                    6
Miscellaneous
 C - a sack of spiders {used: 1}
Comestibles
 g - 4 bread rations
 h - a beef jerky
 j - 8 royal jellies
 t - 3 meat rations
 X - 16 chunks of flesh


   Skills:
 * Level 4.7 Fighting
   Level 0.8 Short Blades
 - Level 10.3 Axes
 - Level 10.1 Armour
 - Level 2.5 Dodging
 - Level 1.2 Stealth
 - Level 6.1 Shields
 + Level 13.9 Evocations


You had 10 spell levels left.
You didn't know any spells.

Dungeon Overview and Level Annotations

Branches:
Dungeon (9/15)             Temple (1/1) D:6            Lair (2/8) D:9
    Orc (0/2) D:9

Altars:
Ashenzari
Cheibriados
Dithmenos
Elyvilon
Fedhas
Gozag
Kikubaaqudgha
Makhleb
Nemelex Xobeh
Okawaru
Pakellas
Qazlal
Ru
Sif Muna
Trog
Vehumet
Xom
Yredelemnul
Zin
The Shining One

Shops:
D:4 ?   D:8 }:


Innate Abilities, Weirdness & Mutations

You are resistant to damage.
You can recharge devices by infusing magical energy.
You passively map the area around you.
You do not regenerate naturally.


Message History

The catoblepas is lightly wounded.
You block the catoblepas's attack.
You hit the catoblepas but do no damage.
The catoblepas is lightly wounded.
You block the catoblepas's attack.
Your shield and plate armour prevent you from hitting the catoblepas.
The catoblepas is lightly wounded.
The catoblepas gores you!
* * * LOW HITPOINT WARNING * * *
You hit the catoblepas but do no damage.
The catoblepas is lightly wounded.
The catoblepas gores you!!
* * * LOW HITPOINT WARNING * * *
Drink which item? (? for menu, Esc to quit)
Okay, then.
Charge which item? (? for menu, Esc to quit)
Your wand of heal wounds (0/9) glows for a moment and now has 4 charges.
The catoblepas gores you!
You die...
Pakellas says: Good help is so hard to find these days!

< , , ,,* * #%....... *,,
, , ................ *
#.>............. * , , ,
#.............. * , ,,
#.............. ,,* ,
##.............. * ,. , *
###h.............. * ,
,....###.Yhh..........#.#
.......@##.†............
**
.##.#.###.####..#....#.#
,* ,,
#.......#............ * ,
*.....#.#.#.##.##...#.#
*, ,
..#.....#...#...#...... ,
.#.......#...........#.#
* *
#..#.#.....##...#.....#
,, ,
#.......#........##...# ,
**##..#..#.##.#..#####...


You could see a catoblepas and 3 wolves.

Vanquished Creatures
  A hydra (Lair:1)
  The ghost of pancakes the Ogre Mage, a novice OgWz of Okawaru (D:8)
  Pikel (D:7)
  The ghost of Buffagor the Chopper, a novice HOFi of Okawaru (D:6)
  A black mamba (Lair:2)
  4 spiny frogs
  3 komodo dragons
  A troll (D:9)
  A queen bee (D:8)
  5 yaks
  Grinder (D:5)
  2 water moccasins
  2 hippogriffs
  A hungry ghost (D:9)
  Menkaure (D:7)
  A porcupine (Lair:1)
  Duvessa (D:6)
  A wasp (D:9)
  2 slaves (D:7)
  5 ice beasts
  A sky beast (D:6)
  5 ogres
  5 phantoms
  13 killer bees
  A wolf (Lair:2)
  3 centaurs
  A crocodile (Lair:2)
  A big kobold (Sewer)
  7 giant frogs
  Dowan (D:6)
  A troll zombie (D:9)
  3 scorpions
  A water moccasin skeleton (D:7)
  4 crimson imps
  2 giant frog zombies (D:5)
  10 orc wizards
  2 orc priests
  A centaur skeleton (D:6)
  16 worker ants
  3 iguanas
  A killer bee zombie (D:6)
  6 ogre zombies (D:9)
  A howler monkey zombie (D:6)
  2 worker ant zombies
  2 howler monkey skeletons
  9 adders
  10 gnolls
  2 river rats
  A shadow imp (D:6)
  2 oozes
  An adder skeleton (D:7)
  An adder zombie (D:5)
  3 worms
  4 dart slugs
  7 giant geckos
  29 orcs
  5 bats
  7 giant cockroaches
  12 goblins
  8 hobgoblins
  3 jackals
  3 quokkas
  6 ball pythons
  A giant gecko skeleton (D:4)
  2 giant gecko zombies
  2 giant newts (D:4)
  A goblin skeleton (D:9)
  5 goblin zombies (D:9)
  A hobgoblin skeleton (D:9)
  7 hobgoblin zombies (D:9)
  14 kobolds
  3 kobold skeletons (D:9)
  2 kobold zombies (D:9)
  4 orc skeletons (D:9)
  14 orc zombies (D:9)
  11 rats
309 creatures vanquished.

Vanquished Creatures (collateral kills)
  A spiny frog (Lair:1)
  2 rime drakes (Lair:1)
  A polar bear (Lair:1)
  2 yaks (Lair:1)
  2 hippogriffs (Lair:1)
  A phantom (D:9)
  A big kobold (D:9)
  A killer bee (D:8)
  An orc priest (D:7)
  An iguana (Lair:1)
  A gnoll (D:5)
  An orc (D:9)
  5 kobolds (D:9)
  An orc zombie (D:9)
21 creatures vanquished.

Vanquished Creatures (others)
  A water moccasin (D:8)
  An orc warrior (D:7)
  A slave (D:7)
  A sky beast (D:8)
  A wolf (Lair:2)
  An ogre (D:9)
  4 killer bees
  An orc wizard (D:5)
  2 orcs (D:7)
  5 plants
18 creatures vanquished.

Grand Total: 348 creatures vanquished

Notes
Turn   | Place    | Note
--------------------------------------------------------------
     0 | D:1      | EvilYahweh the Deep Dwarf Artificer began the quest for the Orb.
     0 | D:1      | Reached XP level 1. HP: 16/16 MP: 3/3
   187 | D:1      | Reached XP level 2. HP: 15/24 MP: 5/5
   299 | D:1      | Reached skill level 1 in Armour
   429 | D:1      | Reached XP level 3. HP: 30/30 MP: 6/6
   431 | D:1      | Reached skill level 1 in Axes
   630 | D:2      | Found a burning altar of Makhleb.
   630 | D:2      | Found a radiant altar of Vehumet.
   761 | D:2      | Reached skill level 5 in Evocations
  1027 | D:2      | Reached XP level 4. HP: 25/37 MP: 7/7
  1391 | D:3      | Noticed a phantom
  1417 | D:3      | Killed a phantom
  1417 | D:3      | Reached XP level 5. HP: 43/43 MP: 9/9
  1486 | D:3      | Reached skill level 6 in Evocations
  1867 | D:4      | Found Xeammaz's Magic Scroll Boutique.
  1869 | D:4      | Bought a scroll of remove curse for 36 gold pieces
  1898 | D:4      | Reached XP level 6. HP: 25/50 MP: 10/10
  1962 | D:4      | Found a shadowy altar of Dithmenos.
  1997 | D:4      | Reached skill level 5 in Axes
  2224 | D:4      | Reached skill level 7 in Evocations
  2224 | D:4      | Reached XP level 7. HP: 23/56 MP: 11/11
  2281 | D:4      | Got an ichor-stained shield
  2294 | D:4      | Identified the +6 shield of the Guild-Master {-Tele rElec rCorr Dex+5} (You found it on level 4 of the Dungeon)
  2548 | D:5      | Entered Level 5 of the Dungeon
  2551 | D:5      | Found a sacrificial altar of Ru.
  3062 | D:5      | Reached skill level 5 in Armour
  3062 | D:5      | Reached skill level 8 in Evocations
  3076 | D:5      | Noticed Grinder
  3106 | D:5      | Reached XP level 8. HP: 19/63 MP: 12/12
  3128 | D:5      | Paralysed by Grinder for 3 turns
  3153 | D:5      | Killed Grinder
  3182 | D:5      | Found a shadowy altar of Dithmenos.
  3404 | D:5      | Reached skill level 1 in Shields
  3456 | D:5      | Found an iron altar of Okawaru.
  3606 | D:6      | Found a shattered altar of Ashenzari.
  3687 | D:6      | Found a blossoming altar of Fedhas.
  3719 | D:6      | Found a staircase to the Ecumenical Temple.
  3730 | D:6      | Reached skill level 9 in Evocations
  3752 | Temple   | Entered the Ecumenical Temple
  3766 | Temple   | Became a worshipper of Pakellas the Inventive
  3836 | D:6      | Found a glowing drain.
  3846 | Sewer    | Entered a sewer
  4043 | Sewer    | Found a white marble altar of Elyvilon.
  4172 | D:6      | Reached * piety under Pakellas
  4172 | D:6      | Received a gift from Pakellas
  4226 | D:6      | Noticed Duvessa
  4276 | D:6      | Killed Duvessa
  4276 | D:6      | Reached skill level 5 in Shields
  4277 | D:6      | Noticed Dowan
  4307 | D:6      | Killed Dowan
  4325 | D:6      | Gained mutation: You passively map the area around you. [Deep Dwarf growth]
  4325 | D:6      | Reached XP level 9. HP: 39/69 MP: 6/14
  4438 | D:6      | Noticed Buffagor's ghost (novice HOFi)
  4706 | D:7      | Reached skill level 10 in Evocations
  4778 | D:7      | Noticed Pikel
  4835 | D:7      | Killed Pikel
  5212 | D:7      | Noticed Menkaure
  5217 | D:7      | Killed Menkaure
  5698 | D:7      | Reached skill level 11 in Evocations
  5854 | D:8      | Noticed a queen bee
  5883 | D:8      | Noticed pancakes's ghost (novice OgWz)
  5892 | D:8      | Reached ** piety under Pakellas
  5892 | D:8      | Received a gift from Pakellas
  5894 | D:8      | Killed a queen bee
  5894 | D:8      | Reached XP level 10. HP: 54/76 MP: 15/15
  5939 | D:8      | Killed pancakes's ghost
  5939 | D:8      | Reached skill level 10 in Axes
  6590 | D:6      | Killed Buffagor's ghost
  6590 | D:6      | Reached skill level 12 in Evocations
  6693 | D:8      | Found Ykenop's Book Shop.
  6797 | D:8      | Found a snail-covered altar of Cheibriados.
  7099 | D:8      | Found Panoesip's Gadget Emporium.
  7106 | D:8      | Bought a wand of iceblast (2/15) for 90 gold pieces
  7548 | D:9      | Found a staircase to the Orcish Mines.
  8025 | D:9      | Found a bloodstained altar of Trog.
  8047 | D:9      | Found a glowing silver altar of Zin.
  8049 | D:9      | Found a sparkling altar of Nemelex Xobeh.
  8108 | D:9      | Found a glowing golden altar of the Shining One.
  8184 | D:9      | Found a shimmering altar of Xom.
  8198 | D:9      | Found a stormy altar of Qazlal.
  8293 | D:9      | Reached *** piety under Pakellas
  8293 | D:9      | Received a gift from Pakellas
  8520 | D:9      | Found a staircase to the Lair.
  8574 | D:9      | Reached XP level 11. HP: 23/82 MP: 13/17
  8591 | Lair:1   | Entered Level 1 of the Lair of Beasts
  8820 | Lair:1   | Reached skill level 13 in Evocations
  8902 | Lair:1   | Noticed a five-headed hydra
  8905 | Lair:1   | Killed a five-headed hydra
  8905 | Lair:1   | Reached skill level 10 in Armour
  8912 | Lair:1   | Reached skill level 1 in Fighting
  9883 | Lair:2   | Noticed a five-headed hydra
  9898 | Lair:2   | Noticed a catoblepas
  9898 | Lair:2   | a five-headed hydra changed into a catoblepas
  9905 | Lair:2   | HP: 3/93 [catoblepas (15)]
  9906 | Lair:2   | Mangled by a catoblepas

Skill      XL: |  1  2  3  4  5  6  7  8  9 10 11 |
---------------+----------------------------------+-----
Armour         | 1 2 5 9 10 | 10.1
Axes           | 2 4 5 6 9 10 | 10.3
Evocations     | 5 6 7 8 9 11 12 13 | 13.9
Shields        | 5 6 |  6.1
Fighting       | 4 |  4.7
Short Blades   | |  0.8
Dodging        | |  2.5
Stealth        | |  1.2

Action                   |  1- 3 |  4- 6 |  7- 9 | 10-12 || total
-------------------------+-------+-------+-------+-------++-------
Melee: Short sword       |    51 |       |       |       ||    51
       Hand axe          |   100 |   272 |  1121 |  1176 ||  2669
Invok: Quick Charge      |       |       |     4 |    17 ||    21
       Device Surge      |       |       |       |     1 ||     1
 Abil: Device Recharging |       |     1 |     2 |     2 ||     5
Evoke: Wand              |     2 |    14 |    41 |    89 ||   146
       Sack of spiders   |       |       |       |     1 ||     1
  Use: Scroll            |       |     7 |    10 |     2 ||    19
       Potion            |       |       |     2 |     3 ||     5
 Stab: Paralysed         |       |       |     2 |       ||     2
       Confused          |       |       |       |    17 ||    17
       Distracted        |       |       |       |     2 ||     2
       Held in net/web   |       |       |       |     1 ||     1
  Eat: Chunk             |     1 |     4 |    15 |    13 ||    33
       Meat ration       |       |       |       |     2 ||     2
Armor: Leather armour    |     5 |       |       |       ||     5
       Ring mail         |    44 |    22 |       |       ||    66
       Plate armour      |       |   132 |   374 |   365 ||   871
Dodge: Dodged            |    64 |    66 |    60 |    72 ||   262
Block: Shield            |       |       |   714 |   677 ||  1391
